 Dungeon Sprint DCSS version 0.26-a0-668-gd58323b419 (webtiles) character file.

Game seed: 4508017520685206643

168 zazu2006 the Covert (level 5, -9/24 HPs)
             Began as a Spriggan Enchanter on Oct 18, 2020.
             Was an Initiate of Dithmenos.
             Mangled by a spriggan
             ... wielding a +0 short sword
              (15 damage)
             ... in the Dungeon (Sprint IV: "Fedhas' Mad Dash").
             The game lasted 00:01:11 (188 turns).

zazu2006 the Covert (Spriggan Enchanter)             Turns: 188, Time: 00:01:12

Health: -9/24      AC:  2    Str:  5    XL:     5   Next: 24%
Magic:  7/13       EV: 20    Int: 17    God:    Dithmenos [......]
Gold:   70         SH:  0    Dex: 16    Spells: 8/14 levels left

rFire    . . .     SeeInvis +   a - +1 dagger
rCold    . . .     Faith    .   (shield restricted)
rNeg     . . .     Spirit   .   b - +0 robe
rPois    .         Reflect  .   (helmet restricted)
rElec    .         Harm     .   (no cloak)
rCorr    .         Rampage  .   (gloves unavailable)
MR       .....     NoTele   +   (boots unavailable)
Stlth    +++++.....             c - amulet of invisibility {+Inv}
HPRegen  0.08/turn              (no ring)
MPRegen  0.13/turn              (no ring)

@: very quick
A: very small, unfitting armour, see invisible, speed 3
a: Renounce Religion, Evoke Invisibility


You were in the Dungeon.
You worshipped Dithmenos.
Dithmenos was noncommittal.
You visited 1 branch You collected 70 gold pieces.

Inventory:

Hand Weapons
 a - a +1 dagger (weapon)
Armour
 b - a +0 robe (worn)
Jewellery
 c - the amulet of invisibility (around neck) {+Inv}
   (You found it in the Dungeon)

   [amulet of nothing]

   It lets you turn invisible.
Wands
 j - a wand of digging (4)
Scrolls
 i - a scroll of blinking
Potions
 d - a potion of curing
 e - a potion of heal wounds
 f - a potion of haste
 g - 2 potions of magic
 h - a potion of berserk rage


   Skills:
 + Level 2.2 Short Blades
 + Level 5.1 Dodging
 + Level 11.1 Stealth
 + Level 5.1 Spellcasting
 + Level 8.3 Hexes
 + Level 2.4 Evocations


You had 8 spell levels left.
You knew the following spells:

 Your Spells              Type           Power        Failure   Level
a - Corona                Hex            ####...      1%          1
b - Ensorcelled Hibernat  Hex/Ice        ###...       3%          2
c - Confusing Touch       Hex            ####....     1%          3

Your spell library contained the following spells:

 Spells                   Type           Power        Failure   Level
 Tukima's Dance           Hex            ####....     1%          3
 Dazzling Flash           Conj/Hex       ###...       8%          3


Dungeon Overview and Level Annotations

Branches:
Dungeon (1/1)

Altars:
Cheibriados
Dithmenos
Elyvilon
Gozag
Hepliaklqana
Kikubaaqudgha
Makhleb
Nemelex Xobeh
Okawaru
Qazlal
Ru
Sif Muna
Trog
Uskayaw
Vehumet
Wu Jian
Xom
Yredelemnul
Zin
The Shining One
Beogh
Jiyva
Lugonu


Innate Abilities, Weirdness & Mutations

You are very small and have problems with some larger weapons.
You are too small for most types of armour.
You have supernaturally acute eyesight. (SInv)
You cover ground extremely quickly.


Message History

Ouch! That really hurt!
* * * LOW HITPOINT WARNING * * *
Unknown command.
Casting: Confusing Touch (safe; 1% risk of failure)
Confirm with . or Enter, or press ? or * to list all spells.
Press: ? - help, Shift-Dir - straight line, f - spriggan
Aim: a spriggan, wielding a +0 short sword and wearing a +0 robe (chance to confuse on hit: 26%, chance to defeat MR: 17%)
The spriggan resists with almost no effort.
The spriggan misses you. The scorpion misses you.
Casting: Ensorcelled Hibernation (safe; 3% risk of failure)
Confirm with . or Enter, or press ? or * to list all spells.
Aiming: Ensorcelled Hibernation (safe; 3% risk of failure)
Press: ? - help, Shift-Dir - straight line, f/p - spriggan
Aim: a spriggan, wielding a +0 short sword and wearing a +0 robe (chance to confuse on hit: 26%, chance to defeat MR: 17%)
The spriggan looks drowsy...
The scorpion closely misses you.
The helpless spriggan fails to defend itself.
You hit the spriggan but do no damage.
The spriggan appears confused.
The spriggan hits you with a +0 short sword!
Ouch! That really hurt!
You die...

#######################
.#.⌠._._._._.⌠.#..'$..#
.'.._._._._._..'i.#$.$#
.#..._._._._...#si###+#
##.._._._._._..#@)#
.#._._._._._.⌠.####
.############### ##


You could see 2 spriggans and a scorpion.

Vanquished Creatures
  4 oklob saplings (D)
  A worker ant (D)
  A river rat (D)
  A rat (D)
7 creatures vanquished.

Notes
Turn   | Place    | Note
-------+----------+-------------------------------------------
     0 | D        | zazu2006 the Spriggan Enchanter began the quest for the
                  | Orb.
     0 | D        | Reached XP level 1. HP: 9/9 MP: 5/5
     8 | D        | Reached skill level 5 in Stealth
     8 | D        | Reached XP level 2. HP: 13/13 MP: 7/7
    18 | D        | Learned a level 2 spell: Ensorcelled Hibernation
    19 | D        | Noticed an oklob sapling
    20 | D        | Killed an oklob sapling
    20 | D        | Reached skill level 7 in Stealth
    20 | D        | Reached skill level 5 in Hexes
    20 | D        | Reached XP level 3. HP: 16/16 MP: 7/9
    25 | D        | Learned a level 3 spell: Confusing Touch
    27 | D        | Found the amulet of invisibility {+Inv}
    29 | D        | Reached skill level 8 in Stealth
    51 | D        | Noticed an oklob sapling
    54 | D        | Killed an oklob sapling
    54 | D        | Reached skill level 9 in Stealth
    54 | D        | Reached XP level 4. HP: 21/21 MP: 7/11
    60 | D        | Noticed a queen bee
    97 | D        | Found an opulent altar of Gozag.
    97 | D        | Found a hazy altar of Hepliaklqana.
    97 | D        | Found a roughly hewn altar of Beogh.
    97 | D        | Found a snail-covered altar of Cheibriados.
    98 | D        | Found a viscous altar of Jiyva.
    98 | D        | Found a burning altar of Makhleb.
    98 | D        | Found a sparkling altar of Nemelex Xobeh.
    98 | D        | Found a sacrificial altar of Ru.
    98 | D        | Found a shimmering blue altar of Sif Muna.
    98 | D        | Found a bloodstained altar of Trog.
    98 | D        | Found an ornate altar of the Wu Jian Council.
    98 | D        | Found a shimmering altar of Xom.
    98 | D        | Found a basalt altar of Yredelemnul.
    99 | D        | Found an iron altar of Okawaru.
    99 | D        | Found a shadowy altar of Dithmenos.
    99 | D        | Found a glowing silver altar of Zin.
   100 | D        | Found an ancient bone altar of Kikubaaqudgha.
   100 | D        | Found a hide-covered altar of Uskayaw.
   101 | D        | Found a stormy altar of Qazlal.
   101 | D        | Found a white marble altar of Elyvilon.
   101 | D        | Found a glowing golden altar of the Shining One.
   102 | D        | Found a corrupted altar of Lugonu.
   102 | D        | Found a radiant altar of Vehumet.
   105 | D        | Reached skill level 10 in Stealth
   105 | D        | Reached skill level 1 in Evocations
   108 | D        | Became a worshipper of Dithmenos the Shadowed
   117 | D        | Reached skill level 5 in Dodging
   117 | D        | Reached skill level 11 in Stealth
   117 | D        | Reached skill level 5 in Spellcasting
   117 | D        | Reached XP level 5. HP: 24/24 MP: 10/13
   188 | D        | Mangled by a spriggan

Illustrated notes

Levels and vault maps discovered:
D:        dungeon_sprint_fedhas [sprint_temple]

Skill      XL: |  1  2  3  4 |
---------------+-------------+-----
Stealth        | 5 7 9 11 | 11.1
Spellcasting   | 3 4 5 |  5.1
Hexes          | 4 5 7 8 |  8.3
Dodging        | 4 5 |  5.1
Short Blades   | 2 |  2.2
Evocations     | 2 |  2.4

Action                   |  1- 3 |  4- 6 || total
-------------------------+-------+-------++-------
Melee: Dagger            |     7 |     9 ||    16
 Cast: Ensorcelled Hiber |       |     2 ||     2
       Confusing Touch   |       |     1 ||     1
 Abil: Evoke Invisibilit |     1 |     1 ||     2
 Stab: Sleeping          |     4 |     3 ||     7
Dodge: Dodged            |     4 |    10 ||    14

Table legend: (Time is in decaauts)
 A = Elapsed time spent in this place.
 B = Non-inter-level travel time spent in this place.
 C = Inter-level travel time spent in this place.
 D = Time resting spent in this place.
 E = Time spent auto-exploring this place.
 F = Levels seen in this place.
 G = Mean time per level.
                   A        B        C        D        E       F      G
               +--------+--------+--------+--------+--------+-----+--------+
         Total |    154 |    154 |      0 |     57 |      1 |   1 |  154.0 |
       Dungeon |    154 |    154 |      0 |     57 |      1 |   1 |  154.0 |
               +--------+--------+--------+--------+--------+-----+--------+

Top non-repeatable levels by time:
       D: 154 daAuts
